Map: 2000 Atmospheres LE

Players

黑羽快斗 (ButAlways)

  • Race: Protoss Protoss
  • League: Master

Has - Winner!

  • Race: Protoss Protoss

Event: DreamHack SC2 Masters 2021 Summer

VOD

Have the link to the VOD?

Description

Time

  • Played on: May 21, 2021, 8:19 a.m.
  • Length: 6:03

All games in this series

Show
View Real Time Build Order
Export as new Build Order

黑羽快斗 Protoss 

Build Orders:  

Get SALT Encoding   

  12  0:00  Probe  
  13  0:12  Probe  
  14  0:17  Pylon  
  14  0:24  Probe (Chrono Boost)  
  15  0:37  Probe (Chrono Boost), Gateway  
  16  0:44  Probe (Chrono Boost)  
  17  0:50  Assimilator  
  17  0:51  Probe  
  17  0:55  Assimilator  
  18  1:03  Probe (Chrono Boost)  
  19  1:10  Gateway  
  19  1:12  Probe (Chrono Boost)  
  19  1:17  Probe (Chrono Boost)  
  21  1:26  Cybernetics Core  
  21  1:29  Probe  
  22  1:37  Pylon  
  22  1:41  Probe  
  24  2:02  Stalker x2, Warp Gate (Chrono Boost)  
  27  2:11  Robotics Facility  
  27  2:18  Gateway  
  27  2:32  Stalker  
  27  2:34  Stalker  
  31  2:41  Pylon  
  30  2:56  Immortal (Chrono Boost)  
  34  3:11  Stalker  
  36  3:27  Warp Prism  
  36  3:30  Pylon  
  38  3:38  Pylon  
  36  3:46  Stalker  
  38  3:52  Sentry x2  
  42  3:57  Shield Battery  
  42  4:18  Stalker x2  
  42  4:22  Stalker  
  48  4:29  Pylon  
  46  4:47  Stalker x2  
  46  4:48  Shield Battery  
  42  5:01  Stalker  
  44  5:10  Stalker  
  46  5:17  Stalker  
Show
View Real Time Build Order
Export as new Build Order

Has Protoss - Winner!

Build Orders: 1 Gate Expand, Proxy Void Ray 

Get SALT Encoding   

  12  0:00  Probe  
  13  0:13  Probe  
  14  0:18  Pylon  
  14  0:25  Probe  
  15  0:36  Gateway  
  15  0:37  Probe (Chrono Boost)  
  16  0:47  Probe (Chrono Boost), Assimilator  
  17  0:52  Probe (Chrono Boost)  
  18  1:04  Probe  
  19  1:18  Probe  
  20  1:24  Nexus  
  20  1:35  Cybernetics Core  
  20  1:41  Assimilator  
  20  1:42  Probe  
  21  1:51  Pylon  
  21  1:54  Probe  
  22  2:06  Probe  
  23  2:16  Stargate  
  23  2:18  Probe  
  24  2:22  Stalker (Chrono Boost)  
  24  2:28  Forge  
  26  2:34  Shield Battery  
  26  2:37  Probe  
  26  2:40  Probe  
  28  2:49  Probe  
  29  2:52  Probe  
  29  2:53  Void Ray (Chrono Boost)  
  34  3:07  Photon Cannon  
  34  3:09  Probe  
  34  3:12  Probe  
  36  3:17  Shield Battery  
  36  3:26  Void Ray (Chrono Boost)  
  37  3:28  Pylon  
  40  3:34  Probe  
  40  3:36  Probe  
  42  3:46  Photon Cannon  
  42  3:52  Shield Battery  
  42  3:56  Photon Cannon  
  42  4:00  Void Ray (Chrono Boost)  
  46  4:14  Probe x2  
  48  4:18  Pylon  
  48  4:23  Photon Cannon  
  48  4:26  Void Ray (Chrono Boost)  
  52  4:37  Probe  
  53  4:47  Shield Battery  
  53  4:50  Shield Battery, Assimilator  
  53  4:56  Void Ray (Chrono Boost)  
  53  5:00  Probe x2  
  53  5:02  Assimilator  
  53  5:05  Pylon, Shield Battery  
  55  5:10  Shield Battery  
  55  5:12  Probe x2  
  57  5:16  Shield Battery  
  57  5:24  Probe x2  
  57  5:25  Stargate  
  63  5:36  Probe x2  
  65  5:48  Probe  
  65  5:49  Probe  
Tags
 
Add a new tag
Caveats
  • Supply blocks, unpowered buildings, or Contaminate may cause inaccurate times.
  • Supply counts are checked every 10 seconds.